 Dungeon Crawl Stone Soup version 0.31-a0-145-g046c7d2549 (webtiles) character file.

Game seed: 10915329153685143116

121 2FriedEggs the Shooter (level 5, -4/30 HPs)
             Began as a Tengu Hunter on June 7, 2023.
             Was an Initiate of Gozag.
             Slain by a black bear (6 damage)
             ... on level 3 of the Dungeon.
             The game lasted 00:03:28 (2596 turns).

2FriedEggs the Shooter (Tengu Hunter)               Turns: 2596, Time: 00:03:28

Health: -4/30      AC:  3    Str: 12    XL:     5   Next: 5%
Magic:  6/6        EV: 14    Int:  9    God:    Gozag
Gold:   324        SH:  0    Dex: 19    Spells: 4/4 levels left

rFire   . . .        a - +0 shortbow
rCold   . . .        (shield currently unavailable)
rNeg    . . .        c - +0 leather armour
rPois   .            (helmet restricted)
rElec   .            (no cloak)
rCorr   .            (no gloves)
SInv    .            (boots unavailable)
Will    .....        (no amulet)
Stlth   ++           (no ring)
HPRegen 0.25/turn    (no ring)
MPRegen 0.10/turn

%: no passive effects
@: flying quickly and evasively, quick
A: beak, talons 3, nimble flight
a: Renounce Religion, Potion Petition, Call Merchant, Bribe Branch


You were on level 3 of the Dungeon.
You worshipped Gozag.
Gozag was aware of your devotion.
You visited 1 branch of the dungeon, and saw 3 of its levels.

You collected 355 gold pieces.
You paid 31 gold pieces to Gozag.

Inventory:

Hand Weapons
 a - a +0 shortbow (weapon)
Armour
 c - a +0 leather armour (worn)
Jewellery
 l - a ring of poison resistance
Wands
 m - a wand of roots (9)
Scrolls
 b - a scroll of butterflies
 d - 6 scrolls of identify {unknown}
 e - 3 scrolls of enchant weapon {unknown}
 h - a scroll of noise {unknown}
 k - a scroll of fog {unknown}
 q - a scroll of teleportation {unknown}
 r - a scroll of torment {unknown}
Potions
 f - a potion of degeneration {unknown}
 g - a potion of magic
 i - a potion of attraction {unknown}
 j - a potion of curing {unknown}
 n - a potion of mutation {unknown}
 o - a potion of lignification {unknown}
 p - a potion of haste {unknown}


   Skills:
 - Level 2.0 Fighting
 * Level 6.8 Ranged Weapons
 - Level 2.2 Dodging
 - Level 1.0 Stealth


You had 4 spell levels left.
You didn't know any spells.
Your spell library contained the following spells:

 Spells                   Type           Power      Damage    Failure   Level
 Magic Dart               Conj           0%         1d3       45%         1
 Sandblast                Erth           0%         2d4       45%         1
 Ensorcelled Hibernation  Hex/Ice        0%         N/A       61%         2
 Passwall                 Tmut/Erth      0%         N/A       61%         2
 Searing Ray              Conj           0%         2d4       61%         2
 Spider Form              Tmut/Pois      0%         N/A       83%         3
 Stone Arrow              Conj/Erth      0%         3d7       83%         3
 Anguish                  Hex/Necr       0%         N/A       99%         4
 Fulminant Prism          Conj/Hex       0%         3d5       99%         4


Dungeon Overview and Level Annotations

Branches:
Dungeon (3/15)

Altars:
Gozag
Ru

Annotations:
D:2 Sigmund
D:3 3 runed translucent doors, lessens's ghost, amateur FoFi


Innate Abilities, Weirdness & Mutations

You have a beak for a mouth.
You have claws for feet.
Your magical nature lets you fly swiftly and evasively.


Message History

Press: ? - help, Q - select action, (/) - cycle Shift-Dir - straight line, f/p - black bear
Aim: a black bear (moderately wounded, 72% to hit)
You shoot an arrow. The arrow hits the black bear.
The black bear is heavily wounded.
Fire: a) +0 shortbow
Press: ? - help, Q - select action, (/) - cycle Shift-Dir - straight line, f/p - black bear
Aim: a black bear (heavily wounded, 72% to hit)
You shoot an arrow. The arrow hits the black bear.
The black bear is severely wounded.
The black bear goes berserk!
Fire: a) +0 shortbow
Press: ? - help, Q - select action, (/) - cycle Shift-Dir - straight line, f/p - black bear
Aim: a black bear (severely wounded, berserk, 72% to hit)
You shoot an arrow. The arrow barely misses the black bear.
The black bear misses you. The black bear barely misses you.
The black bear closely misses you.
Fire: a) +0 shortbow
Press: ? - help, Q - select action, (/) - cycle Shift-Dir - straight line, f/p - black bear
Aim: a black bear (severely wounded, berserk, 72% to hit)
You shoot an arrow. The arrow hits the black bear.
The black bear is almost dead.
The black bear bites you. The black bear closely misses you. x2
Fire: a) +0 shortbow
Press: ? - help, Q - select action, (/) - cycle Shift-Dir - straight line, f/p - black bear
Aim: a black bear (almost dead, berserk, 72% to hit)
You shoot an arrow. The arrow barely misses the black bear.
The black bear bites you. The black bear closely misses you.
The black bear claws you. The black bear barely misses you.
The black bear claws you.
* * * LOW HITPOINT WARNING * * *
The black bear claws you but does no damage.
Fire: a) +0 shortbow
Press: ? - help, Q - select action, (/) - cycle Shift-Dir - straight line, f/p - black bear
Aim: a black bear (almost dead, berserk, 72% to hit)
You shoot an arrow. The arrow barely misses the black bear.
The black bear bites you.
* * * LOW HITPOINT WARNING * * *
The black bear claws you.
You die...
Your body crumbles into a pile of gold.

.###### #..#
......# #.)#
.####.# #..# ##
#.#########..#
#####.##......#..#
........>####.#..#
########.####.#..#
# #<........#.h#
.#######.######.@#
.................#
.#######.#######.#
. #....# #.# .
#.##.####.# #
#.##......#
#.######### #.#
#.#


You could see a black bear (berserk).

Vanquished Creatures
  3 gnolls (D:2)
  3 adders (D:3)
  A dart slug (D:2)
  5 orcs (D:3)
  6 ball pythons
  5 endoplasms
  4 giant cockroaches
  3 goblins
  4 hobgoblins
  4 jackals (D:3)
  2 quokkas
  5 bats
  A frilled lizard (D:2)
  4 kobolds
  5 rats
55 creatures vanquished.

Notes
Turn   | Place    | Note
-------+----------+-------------------------------------------
     0 | D:1      | 2FriedEggs the Tengu Hunter began the quest for the Orb.
     0 | D:1      | Reached XP level 1. HP: 12/12 MP: 2/2
   181 | D:1      | Reached XP level 2. HP: 17/17 MP: 3/3
   264 | D:1      | Reached skill level 5 in Ranged Weapons
   958 | D:2      | Reached XP level 3. HP: 21/21 MP: 4/4
   968 | D:2      | Noticed Sigmund
  1111 | D:2      | Found an opulent altar of Gozag.
  1133 | D:2      | Became a worshipper of Gozag Ym Sagoz the Greedy
  1306 | D:2      | Reached skill level 6 in Ranged Weapons
  1306 | D:2      | Reached XP level 4. HP: 18/26 MP: 5/5
  1847 | D:3      | Found a faded altar of an unknown god.
  1912 | D:3      | Found a sacrificial altar of Ru.
  1981 | D:3      | Found a runed translucent gate.
  1981 | D:3      | Found a runed translucent gate.
  1981 | D:3      | Found a runed translucent gate.
  1981 | D:3      | Noticed lessens's ghost (amateur FoFi)
  2347 | D:3      | Gained mutation: Your magical nature lets you fly swiftly
                  | and evasively. [Tengu growth]
  2347 | D:3      | Reached XP level 5. HP: 30/30 MP: 6/6
  2503 | D:3      | Noticed a black bear
  2596 | D:3      | Slain by a black bear

Illustrated notes

Levels and vault maps discovered:
D:1:      dpeg_arrival_houses_and_road, layout_basic
D:2:      layout_basic, basic_altar, minmay_misc_feat_four_crosses,
          chequers_big_river, uniq_sigmund
D:3:      layout_basic, marbit_many_paths, basic_ecumenical_altar,
          gammafunk_ghost_necromancy

Skill      XL: |  1  2  3 |
---------------+----------+-----
Ranged Weapons | 5 6 |  6.8
Fighting       | |  2.0
Dodging        | |  2.2
Stealth        | |  1.0

Action                     |  1- 3 |  4- 6 || total
---------------------------+-------+-------++-------
   Fire: Shortbow          |    78 |   102 ||   180
    Use: Potion            |     2 |       ||     2
 Armour: Leather armour    |     4 |    16 ||    20
  Dodge: Dodged            |    13 |    46 ||    59

Table legend: (Time is in decaauts)
 A = Elapsed time spent in this place.
 B = Non-inter-level travel time spent in this place.
 C = Inter-level travel time spent in this place.
 D = Time resting spent in this place.
 E = Time spent auto-exploring this place.
 F = Levels seen in this place.
 G = Mean time per level.
                   A        B        C        D        E       F      G
               +--------+--------+--------+--------+--------+-----+--------+
         Total |   2602 |   2503 |     99 |     59 |   1999 |   3 |  867.3 |
       Dungeon |   2602 |   2503 |     99 |     59 |   1999 |   3 |  867.3 |
               +--------+--------+--------+--------+--------+-----+--------+

Top non-repeatable levels by time:
     D:1: 1048 daAuts
     D:3: 811 daAuts
     D:2: 743 daAuts
